 Dungeon Crawl Stone Soup version 0.17.1-1-g73c8601 (webtiles) character file.

234 JustSomeDude the Insei (level 5, -1/42 HPs)
             Began as a Demonspawn Monk on Dec 25, 2015.
             Slain by Duvessa
             ... wielding a +0 short sword
              (5 damage)
             ... on level 4 of the Dungeon.
             The game lasted 00:09:04 (3065 turns).

JustSomeDude the Insei (Demonspawn Monk)            Turns: 3065, Time: 00:09:04

Health: -1/42      AC:  5    Str: 16    XL:     5   Next: 75%
Magic:  5/5        EV: 13    Int: 17    God:
Gold:   156        SH:  0    Dex: 18    Spells: 0 memorised, 4 levels left

rFire  + . .     SeeInvis .       - Unarmed
rCold  + . .     Clarity  .     q - +0 ring mail
rNeg   . . .     SustAt   .     (no shield)
rPois  +         Gourm    .     (no helmet)
rElec  +         Spirit   .     (no cloak)
rCorr  +         Warding  .     (no gloves)
rMut   .         Stasis   .     (no boots)
MR     .....                    (no amulet)
Stlth  ++........               (no ring)
                                (no ring)

@: mighty, brilliant, resistant, not resistant to hostile enchantments,
unstealthy
A: claws 1, thin skeletal structure 1
a: no special abilities


You were on level 4 of the Dungeon.
You were not hungry.

You visited 1 branch of the dungeon, and saw 4 of its levels.

You collected 156 gold pieces.

Inventory:

Missiles
 j - 59 stones (quivered)
Armour
 a - a +0 robe
 k - a +0 leather armour
 q - a +0 ring mail (worn)
Wands
 s - a wand of random effects (19)
Scrolls
 c - 6 scrolls of teleportation {unknown}
 d - 5 scrolls of amnesia {unknown}
 e - 3 scrolls of enchant weapon {unknown}
 f - 5 scrolls of identify {unknown}
 r - a scroll of recharging {unknown}
 t - a scroll of random uselessness {unknown}
 u - a scroll of remove curse {unknown}
Potions
 n - 2 potions of brilliance
Comestibles
 b - 2 bread rations
 g - a meat ration
 m - 2 fruits


   Skills:
 + Level 3.9 Fighting
 + Level 0.8 Throwing
 + Level 1.7 Armour
 + Level 3.5 Dodging
 + Level 2.3 Stealth
 + Level 4.6 Unarmed Combat


You had 4 spell levels left.
You didn't know any spells.

Dungeon Overview and Level Annotations

Branches:
Dungeon (4/15)
 Temple: D:4-7

Altars:
Ashenzari
Makhleb
Nemelex Xobeh
Xom
Yredelemnul
The Shining One

Annotations:
D:4 Duvessa


Innate Abilities, Weirdness & Mutations

You have sharp fingernails.
You have a somewhat thin skeletal structure (Dex +2, Stealth).


Message History

You kill Dowan!
Duvessa screams, "No!
How DARE you!"
Duvessa goes berserk!
Duvessa hits you with a short sword!
You scratch Duvessa but do no damage. Duvessa closely misses you.
Duvessa hits you with a short sword!
You claw Duvessa! x2
Duvessa is heavily wounded.
Duvessa hits you with a short sword.
You scratch Duvessa.
Duvessa is heavily wounded.
Duvessa hits you with a short sword!
* * * LOW HITPOINT WARNING * * *
Drink which item? (? for menu, Esc to quit)
Okay, then.
Read which item? (? for menu, Esc to quit)
Okay, then.
You claw Duvessa!
Duvessa is severely wounded.
Duvessa hits you with a short sword.
You die...

##... .... ##..##
##....### #.......##
#######
#........####.....####
#.........##.........#
#...e.<##............#
#...)@.###............
##.%#### ##..........#
## #........###
##.......# #......##
########


You could see Duvessa (berserk).

Vanquished Creatures
  Dowan (D:4)
  A hound (D:3)
  2 orc wizards (D:3)
  2 gnolls (D:2)
  3 oozes
  4 worms
  2 orcs (D:3)
  10 bats
  8 goblins
  4 hobgoblins
  4 kobolds
  5 giant cockroaches
  A giant gecko (D:3)
  3 giant newts
  10 rats
  A spectral orc (D:3)
61 creatures vanquished.

Notes
Turn   | Place    | Note
--------------------------------------------------------------
     0 | D:1      | JustSomeDude the Demonspawn Monk began the quest for the Orb.
     0 | D:1      | Reached XP level 1. HP: 18/18 MP: 1/1
    34 | D:1      | Found a shattered altar of Ashenzari.
   103 | D:1      | Gained mutation: You have sharp fingernails. [demonic ancestry]
   103 | D:1      | Reached XP level 2. HP: 24/24 MP: 2/2
   183 | D:1      | Reached skill level 4 in Unarmed Combat
   313 | D:1      | Reached XP level 3. HP: 19/29 MP: 3/3
   573 | D:2      | Found a shimmering altar of Xom.
   573 | D:2      | Found a shimmering altar of Xom.
   736 | D:2      | Found a shimmering altar of Xom.
   737 | D:2      | Found a shimmering altar of Xom.
   745 | D:2      | Found a shimmering altar of Xom.
  1400 | D:2      | Reached XP level 4. HP: 30/35 MP: 4/4
  1535 | D:2      | Found a glowing golden altar of the Shining One.
  1867 | D:3      | Found a basalt altar of Yredelemnul.
  2022 | D:3      | Reached skill level 1 in Armour
  2065 | D:3      | Gained mutation: You have a somewhat thin skeletal structure (Dex +2, Stealth). [demonic ancestry]
  2065 | D:3      | Reached XP level 5. HP: 22/42 MP: 5/5
  2270 | D:3      | Found a burning altar of Makhleb.
  2975 | D:4      | Found a sparkling altar of Nemelex Xobeh.
  3047 | D:4      | Noticed Duvessa
  3047 | D:4      | Noticed Dowan
  3061 | D:4      | Killed Dowan
  3065 | D:4      | Slain by Duvessa

Action                   |  1- 3 |  4- 6 || total
-------------------------+-------+-------++-------
Melee: Unarmed           |   110 |   110 ||   220
Throw: Stone             |    20 |    22 ||    42
  Use: Potion            |       |     8 ||     8
 Stab: Sleeping          |     2 |     6 ||     8
  Eat: Fruit             |     1 |       ||     1
       Meat ration       |       |     1 ||     1
       Beef jerky        |       |     1 ||     1
